Map: Blackpink LE

Players

DnS - Winner!

  • Race: Protoss Protoss
  • Spawn Location: 7:00

PtitDrogo

  • Race: Protoss Protoss
  • Spawn Location: 1:00

Event: IEM Season 12 - Katowice

VOD

Have the link to the VOD?

Description

Time

  • Played on: Feb. 26, 2018, 8:21 a.m.
  • Length: 7:57

All games in this series

Show
View Real Time Build Order
Export as new Build Order

DnS Protoss - Winner!

Build Orders:  

Get SALT Encoding   

  12  0:00  Probe  
  13  0:12  Probe  
  14  0:17  Pylon  
  14  0:24  Probe (Chrono Boost)  
  15  0:37  Probe (Chrono Boost)  
  15  0:39  Gateway  
  16  0:44  Probe (Chrono Boost)  
  16  0:46  Assimilator  
  17  0:51  Probe (Chrono Boost)  
  17  0:53  Assimilator  
  18  1:03  Probe (Chrono Boost)  
  19  1:11  Probe (Chrono Boost)  
  20  1:15  Gateway  
  20  1:17  Probe  
  21  1:26  Cybernetics Core  
  21  1:29  Probe  
  22  1:34  Pylon  
  22  1:41  Probe  
  23  1:53  Probe  
  24  2:01  Warp Gate (Chrono Boost)  
  24  2:03  Stalker x2  
  28  2:12  Pylon  
  28  2:31  Pylon  
  28  2:33  Sentry x2  
  32  2:50  Probe, Nexus  
  33  3:01  Stalker  
  33  3:05  Sentry  
  37  3:07  Probe  
  37  3:08  Pylon  
  38  3:15  Shield Battery  
  38  3:22  Probe  
  39  3:27  Robotics Facility  
  39  3:39  Shield Battery  
  38  3:49  Shield Battery  
  38  3:56  Stalker x2  
  42  4:05  Shield Battery  
  42  4:15  Immortal (Chrono Boost)  
  42  4:25  Stalker  
  42  4:31  Stalker  
  44  4:49  Stalker  
  42  4:55  Stalker  
  42  4:56  Immortal (Chrono Boost)  
  48  5:16  Adept  
  50  5:23  Stalker  
  50  5:26  Warp Prism (Chrono Boost)  
  54  5:38  Stalker  
  56  5:48  Gateway  
  56  5:51  Sentry  
  56  5:55  Observer  
  59  5:59  Probe x2  
  59  6:03  Pylon  
  61  6:12  Probe, Pylon  
  62  6:21  Probe  
  62  6:23  Adept x2  
  67  6:27  Stalker x2  
  67  6:30  Probe  
  65  6:33  Probe  
  61  6:44  Probe  
  57  6:50  Stalker  
  51  7:03  Stalker  
Show
View Real Time Build Order
Export as new Build Order

PtitDrogo Protoss 

Build Orders: Phoenix Opening 

Get SALT Encoding   

  12  0:00  Probe  
  13  0:12  Probe  
  14  0:17  Pylon  
  14  0:25  Probe (Chrono Boost)  
  15  0:37  Probe (Chrono Boost)  
  15  0:39  Gateway  
  16  0:44  Probe (Chrono Boost)  
  16  0:47  Assimilator  
  17  0:51  Probe (Chrono Boost)  
  17  0:54  Assimilator  
  18  1:03  Probe (Chrono Boost)  
  19  1:11  Probe (Chrono Boost)  
  20  1:15  Gateway  
  20  1:17  Probe  
  21  1:26  Cybernetics Core  
  21  1:29  Probe  
  22  1:34  Pylon  
  22  1:41  Probe  
  23  1:53  Probe  
  24  1:57  Warp Gate (Chrono Boost)  
  24  2:02  Stalker x2  
  28  2:18  Pylon  
  28  2:28  Stargate  
  28  2:37  Stalker x2  
  32  2:45  Gateway  
  32  3:07  Stalker x2  
  36  3:14  Pylon  
  36  3:15  Phoenix  
  38  3:22  Shield Battery  
  38  3:31  Pylon  
  38  3:49  Stalker x2  
  38  3:53  Stalker  
  43  4:10  Oracle  
  44  4:21  Stalker  
  44  4:26  Adept, Zealot  
  34  5:01  Adept x3  
  38  5:25  Nexus  
  36  5:30  Oracle (Chrono Boost)  
  35  5:37  Adept x2  
  39  5:43  Probe, Shield Battery  
  39  5:48  Shield Battery  
  40  5:55  Probe  
  41  6:00  Sentry x2  
  46  6:12  Pylon, Zealot  
  47  6:32  Probe (Chrono Boost)  
  48  6:42  Sentry x2, Stalker  
  48  6:47  Probe  

Tags
 
Add a new tag
Caveats
  • Supply blocks, unpowered buildings, or Contaminate may cause inaccurate times.
  • Supply counts are checked every 10 seconds.